 Dungeon Sprint DCSS version 0.19-a0-1608-g4cf22de (webtiles) character file.

58 poirepourri the Covert (level 3, -4/16 HPs)
             Began as a Spriggan Enchanter on Sept 17, 2016.
             Killed from afar by an oklob sapling (16 damage)
             ... with a splash of acid
             ... in the Dungeon (Sprint IV: "Fedhas' Mad Dash").
             The game lasted 00:00:40 (254 turns).

poirepourri the Covert (Spriggan Enchanter)          Turns: 254, Time: 00:00:41

Health: -4/16      AC:  3    Str:  4    XL:     3   Next: 76%
Magic:  5/8        EV: 20    Int: 16    God:
Gold:   30         SH:  0    Dex: 17    Spells: 3 memorised, 2 levels left

rFire  . . .     SeeInvis +     a - +1 dagger
rCold  . . .     Gourm    .     b - +1 robe
rNeg   . . .     Faith    .     (shield restricted)
rPois  .         Spirit   .     (helmet restricted)
rElec  .         Dismiss  .     (no cloak)
rCorr  .         Reflect  .     (gloves unavailable)
MR     .....     Harm     .     (boots unavailable)
Stlth  +++++..... NoTele   +    (no amulet)
                                (no ring)
                                (no ring)

@: very quick
A: unfitting armour, see invisible, herbivore 3, speed 3, slow metabolism 2
a: no special abilities


You were in the Dungeon.
You were not hungry.

You visited 1 branch You collected 30 gold pieces.

Inventory:

Hand Weapons
 a - a +1 dagger (weapon)
Armour
 b - a +1 robe (worn)
Jewellery
 k - the amulet of invisibility {+Inv}
   (You found it in the Dungeon)

   [amulet of nothing]

   It lets you turn invisible.
Scrolls
 j - a scroll of blinking
Potions
 f - a potion of heal wounds
 g - a potion of haste
 h - a potion of magic
 i - 2 potions of berserk rage
Books
 c - a book of Maledictions

   Spells                             Type                      Level
   a - Corona                         Hexes                        1
   b - Ensorcelled Hibernation        Hexes/Ice                    2
   c - Confuse                        Hexes                        3
   d - Tukima's Dance                 Hexes                        3
   e - Dazzling Spray                 Conjuration/Hexes            3
Comestibles
 d - a bread ration


   Skills:
 - Level 0.2 Fighting
 + Level 1.5 Short Blades
 + Level 5.1 Dodging
 + Level 10.4 Stealth
 + Level 3.1 Spellcasting
 + Level 4.5 Hexes


You had 2 spell levels left.
You knew the following spells:

 Your Spells              Type           Power        Failure   Level  Hunger
a - Corona                Hex            ###....      3%          1    None
b - Ensorcelled Hibernat  Hex/Ice        #.....       12%         2    ##.....
c - Confuse               Hex            ###.....     12%         3    ###....


Dungeon Overview and Level Annotations

Branches:
Dungeon (1/1)

Altars:

Annotations:
D exclusion: oklob sapling


Innate Abilities, Weirdness & Mutations

You are tiny and cannot use many weapons and most armour.
You have supernaturally acute eyesight. (SInv)
You are a herbivore.
You cover ground extremely quickly.
You need consume almost no food.


Message History

The splash of acid hits you!
Ouch! That really hurt!
The acid burns!
* * * LOW HITPOINT WARNING * * *
Casting: Confuse
Confirm with . or Enter, or press ? or * to list all spells.
You don't have enough magic to cast that spell.
Unknown command.
You feel better. Magic courses through your body.
Casting: Confuse
Confirm with . or Enter, or press ? or * to list all spells.
Aiming: Confuse
Press: ? - help, Shift-Dir - straight line, f/p - oklob sapling
Aim: an oklob sapling (chance to defeat MR: 48%)
The oklob sapling resists with some effort.
The oklob sapling spits acid at you. The splash of acid hits you!
Ouch! That really hurt!
You die...

##################
#<..P#.....#.....#
#PP..'.(÷..'.#.%.+
#PPPP#.....#.#†.@#
###############'##
+.. #$P ###


You could see an oklob sapling.

Vanquished Creatures
  An oklob sapling (D)
  A worker ant (D)
  A river rat (D)
  A rat (D)
4 creatures vanquished.

Notes
Turn   | Place    | Note
-------+----------+-------------------------------------------
     0 | D        | poirepourri the Spriggan Enchanter began the quest for the Orb.
     0 | D        | Reached XP level 1. HP: 9/9 MP: 5/5
     8 | D        | Reached skill level 7 in Stealth
     8 | D        | Reached XP level 2. HP: 13/13 MP: 6/6
   219 | D        | Learned a level 2 spell: Ensorcelled Hibernation
   222 | D        | Noticed an oklob sapling
   224 | D        | Killed an oklob sapling
   224 | D        | Reached skill level 9 in Stealth
   224 | D        | Reached XP level 3. HP: 16/16 MP: 8/8
   229 | D        | Learned a level 3 spell: Confuse
   233 | D        | Reached skill level 5 in Dodging
   233 | D        | Reached skill level 10 in Stealth
   249 | D        | Noticed an oklob sapling
   254 | D        | Killed from afar by an oklob sapling

Vault maps used:
D:        dungeon_sprint_fedhas

Skill      XL: |  1  2  3 |
---------------+----------+-----
Dodging        | 4 5 |  5.1
Stealth        | 7 9 10 | 10.4
Spellcasting   | 3 |  3.1
Hexes          | 4 |  4.5
Fighting       | |  0.2
Short Blades   | |  1.5

Action                   || total
-------------------------++-------
Melee: Dagger            ||     8
 Cast: Confuse           ||     3
  Use: Potion            ||     2
 Stab: Sleeping          ||     3
Armor: Robe              ||     1
Dodge: Dodged            ||     2
